 Dungeon Crawl Stone Soup version 0.28.0 (webtiles) character file.

Game seed: 327906453058535773

37 styxcanada the Firebug (level 3, 0/19 HPs)
             Began as a Deep Elf Fire Elementalist on Feb 11, 2022.
             Succumbed to an adder's poison
             ... on level 3 of the Dungeon.
             The game lasted 00:06:51 (2245 turns).

styxcanada the Firebug (Deep Elf Fire Elementalist) Turns: 2245, Time: 00:06:52

Health: 0/19       AC:  2    Str:  5    XL:     3   Next: 21%
Magic:  16/19      EV: 13    Int: 21    God:
Gold:   94         SH:  0    Dex: 15    Spells: 6/9 levels left

rFire   . . .      SeeInvis .   b - +0 dagger
rCold   . . .      Faith    .   (no shield)
rNeg    . . .      Spirit   .   a - +0 robe
rPois   .          Reflect  .   (no helmet)
rElec   .          Harm     .   (no cloak)
rCorr   .          Rampage  .   (no gloves)
Will    .....                   (no boots)
Stlth   ++........              (no amulet)
HPRegen 0.06/turn               e - ring of magical power
MPRegen 0.16/turn               (no ring)

@: lethally poisoned (0 -> -7)
A: no striking features
a: no special abilities


You were on level 3 of the Dungeon.
You visited 1 branch of the dungeon, and saw 3 of its levels.

You collected 94 gold pieces.

Inventory:

Hand Weapons
 b - a +0 dagger (weapon)
Missiles
 c - 27 stones
Armour
 a - a +0 robe (worn)
Jewellery
 e - a ring of magical power (left hand)
Scrolls
 h - a scroll of identify {unknown}
Potions
 d - a potion of curing {unknown}
 f - a potion of lignification {unknown}
 g - a potion of attraction {unknown}


   Skills:
 + Level 0.2 Short Blades
 + Level 2.7 Dodging
 * Level 2.6 Stealth
 * Level 3.7 Spellcasting
 * Level 1.3 Conjurations
 * Level 4.0 Fire Magic


You had 6 spell levels left.
You knew the following spells:

 Your Spells              Type           Power      Damage    Failure   Level
a - Foxfire               Conj/Fire      60%        2x1d7     4%          1
b - Scorch                Fire           40%        2d7       3%          2

Your spell library contained the following spells:

 Spells                   Type           Power      Damage    Failure   Level
 Conjure Flame            Conj/Fire      15%        6-21      12%         3
 Inner Flame              Hex/Fire       12%        N/A       16%         3
 Flame Wave               Conj/Fire      15%        2d6       38%         4


Dungeon Overview and Level Annotations

Branches:
Dungeon (2/15)

Altars:


Message History

The dart slug launches a dart at you. The slug dart misses you.
Casting: Foxfire (safe; 4% risk of failure)
Confirm with . or Enter, or press ? or * to list all spells.
You conjure some foxfire!
The goblin hits you but does no damage. The shadow imp closely misses you.
Your foxfire dissipates!
The foxfire hits the goblin.
The goblin is moderately wounded.
Casting: Foxfire (safe; 4% risk of failure)
Confirm with . or Enter, or press ? or * to list all spells.
You conjure some foxfire!
The goblin hits you with a +0 dagger.
Your foxfire dissipates!
The foxfire hits the goblin.
The goblin is severely wounded.
Casting: Foxfire (safe; 4% risk of failure)
Confirm with . or Enter, or press ? or * to list all spells.
You conjure some foxfire!
The goblin hits you but does no damage. The shadow imp hits you.
* * * LOW HITPOINT WARNING * * *
Your foxfire dissipates!
The foxfire hits the goblin.
You kill the goblin!
The shadow imp grins evilly.
The shadow imp gestures at you.
You barely resist.
Casting: Foxfire (safe; 4% risk of failure)
Confirm with . or Enter, or press ? or * to list all spells.
You conjure some foxfire!
The foxfire hits the shadow imp.
The shadow imp is lightly wounded.
Your foxfire dissipates!
An adder comes into view.
You open the door.
The adder hisses angrily.
There is an open door here.
The adder bites you.
* * * LOW HITPOINT WARNING * * *
You are lethally poisoned!
The adder poisons you!
You die...

.# ..# #.# #.##
#####..#
#....#.## §
#....#..###.§≈
+..S.'w.....≈.
#@.5.##..##.≈.
#....###w# ≈§
###### #.##.≈.≈
###..#.≈.≈
#......≈.≈B
#......≈...
#).....≈≈§≈
#######..........
#................


You could see an adder, a shadow imp and a dart slug.

Vanquished Creatures
  5 ball pythons
  8 bats
  2 giant cockroaches
  4 hobgoblins
  3 kobolds
  3 quokkas (D:1)
  2 frilled lizards (D:1)
  3 goblins
  A quokka skeleton (D:2)
  5 rats
36 creatures vanquished.

Vanquished Creatures (others)
  41 foxfires
41 creatures vanquished.

Grand Total: 77 creatures vanquished

Notes
Turn   | Place    | Note
-------+----------+-------------------------------------------
     0 | D:1      | styxcanada the Deep Elf Fire Elementalist began the quest
                  | for the Orb.
     0 | D:1      | Reached XP level 1. HP: 10/10 MP: 6/6
   217 | D:1      | Reached XP level 2. HP: 11/15 MP: 4/8
   396 | D:1      | Found a faded altar of an unknown god.
   716 | D:1      | Learned a level 2 spell: Scorch
  1619 | D:2      | Reached XP level 3. HP: 19/19 MP: 10/10
  2053 | D:2      | Reached skill level 4 in Fire Magic
  2216 | D:2      | You fall into a shaft and drop 1 floor!
  2245 | D:3      | Succumbed to an adder's poison

Illustrated notes

Levels and vault maps discovered:
D:1:      nzn_arrival_water_spiral, layout_loops_cross,
          shapermc_ecumenical_altar_gd
D:2:      layout_loops_corners
D:3:      layout_basic, mainiacjoe_overflow_concentric_impassable, uniq_pargi

Skill      XL: |  1  2  3 |
---------------+----------+-----
Fire Magic     | 4 |  4.0
Short Blades   | |  0.2
Dodging        | |  2.7
Stealth        | |  2.6
Spellcasting   | |  3.7
Conjurations   | |  1.3

Action                   || total
-------------------------++-------
Melee: Unarmed           ||     1
       Dagger            ||    35
 Cast: Foxfire           ||    33
       Scorch            ||     9
 Stab: Sleeping          ||     3
Armor: Robe              ||    22
Dodge: Dodged            ||    57
